 Dungeon Crawl Stone Soup version 0.30-a0-728-gc68057be0a (webtiles) character file.

Game seed: 3266593130157339267

949 HoaS the Skirmisher (level 8, 0/44 HPs)
             Began as a Gargoyle Hunter on Jan 30, 2023.
             Was a Believer of Zin.
             Slain by a gnoll
             ... wielding a +0 flail
             ... led by a gnoll bouda
              (7 damage)
             ... on level 5 of the Dungeon.
             The game lasted 00:09:25 (5203 turns).

HoaS the Skirmisher (Gargoyle Hunter)               Turns: 5203, Time: 00:09:26

Health: 0/44       AC: 11    Str: 14    XL:     8   Next: 13%
Magic:  9/10       EV: 11    Int: 11    God:    Zin [**....]
Gold:   289        SH:  0    Dex: 15    Spells: 7/7 levels left

rFire   . . .      SeeInvis .    a - +0 shortbow
rCold   . . .      Faith    .    (shield currently unavailable)
rNeg    + . .      Spirit   .    c - +0 leather armour
rPois   ∞          Reflect  .    q - +0 helmet
rElec   +          Harm     .    e - +1 cloak
rCorr   .          Rampage  .    (no gloves)
Will    +....                    (no boots)
Stlth   ++                       (no amulet)
HPRegen 0.27/turn                r - ring of willpower
MPRegen 0.12/turn                (no ring)

@: no status effects
A: sickness immunity, AC +5, negative energy resistance 1, electricity
resistance, torment resistance 1, petrification resistance
a: Renounce Religion, Recite, Vitalisation, Donate Gold


You were on level 5 of the Dungeon.
You worshipped Zin.
Zin was pleased with you.
You visited 1 branch of the dungeon, and saw 5 of its levels.

You collected 321 gold pieces.
You donated 32 gold pieces to Zin.

Inventory:

Hand Weapons
 a - a +0 shortbow (weapon)
Armour
 c - a +0 leather armour (worn)
 e - a +1 cloak (worn)
 q - a +0 helmet (worn)
Jewellery
 r - a ring of willpower (left hand)
Wands
 u - a wand of digging (9)
Scrolls
 b - a scroll of immolation
 j - 2 scrolls of teleportation
 l - a scroll of poison
Potions
 d - a potion of mutation {unknown}
 f - 2 potions of degeneration {unknown}
 g - a potion of attraction {unknown}
 h - 2 potions of curing
 i - a potion of magic {unknown}
 k - a potion of brilliance {unknown}
 m - 4 potions of heal wounds
 n - 2 potions of haste {unknown}
 o - 2 potions of might {unknown}
 p - a potion of ambrosia {unknown}
 s - a potion of flight {unknown}
 t - a potion of berserk rage {unknown}


   Skills:
 - Level 2.1 Fighting
 * Level 9.6 Ranged Weapons
 - Level 1.5 Dodging
 - Level 1.1 Stealth
 + Level 2.7 Invocations


You had 7 spell levels left.
You didn't know any spells.
Your spell library contained the following spells:

 Spells                   Type           Power      Damage    Failure   Level
 Blink                    Tloc           0%         N/A       56%         2
 Lesser Beckoning         Tloc           0%         N/A       56%         2
 Momentum Strike          Conj/Tloc      0%         3d8       56%         2
 Gell's Gravitas          Tloc           0%         N/A       80%         3
 Teleport Other           Tloc           0%         N/A       80%         3
 Blade Hands              Tmut           0%         N/A       100%        5
 Irradiate                Conj/Tmut      0%         3d11      100%        5
 Dragon Form              Tmut           0%         N/A       100%        7


Dungeon Overview and Level Annotations

Branches:
Dungeon (5/15)
 Temple: D:4-7

Altars:
Makhleb
Nemelex Xobeh
Qazlal
Trog
Yredelemnul
Zin
The Shining One

Shops:
D:3 [

Annotations:
D:5 2 transporters, Ijyb; bmj180's ghost, novice GrEE


Innate Abilities, Weirdness & Mutations

You are immune to sickness and miasma.
Your stone body is resilient. (AC +5)
You are immune to poison.
You resist negative energy. (rN+)
You are resistant to electric shocks. (rElec)
You are resistant to unholy torment.
You are immune to petrification.


Message History

You shoot an arrow.
The arrow closely misses the gnoll bouda.
The arrow hits the gnoll but does no damage.
The gnoll bouda hits you with a +0 whip!
You are too injured to fight recklessly!
You are too injured to fight recklessly!
You are too injured to fight recklessly!
You shoot an arrow. The arrow hits the gnoll bouda.
The gnoll bouda is moderately wounded.
The gnoll bouda barks out a call to the hunt!
The gnoll picks up the pace!
You shoot an arrow.
The arrow hits the gnoll bouda but does no damage.
The gnoll bouda is moderately wounded.
The gnoll bouda hits you with a +0 whip.
The gnoll closely misses you.
You shoot an arrow. The arrow hits the gnoll bouda.
The gnoll bouda is heavily wounded.
The gnoll bouda hits you but does no damage.
The gnoll hits you with a +0 flail.
You shoot an arrow. The arrow hits the gnoll bouda!
You kill the gnoll bouda!
The gnoll hits you but does no damage.
You shoot an arrow. The arrow hits the gnoll.
The gnoll is lightly wounded.
You hear the rapid rusting of a very distant drain.
The gnoll hits you with a +0 flail. The gnoll hits you but does no damage.
You shoot an arrow. The arrow hits the gnoll.
The gnoll is moderately wounded.
The gnoll hits you with a +0 flail. The gnoll completely misses you.
You shoot an arrow. The arrow barely misses the gnoll.
The arrow hits the gnoll.
The gnoll is heavily wounded.
The gnoll hits you but does no damage. The gnoll barely misses you.
You shoot an arrow. The arrow hits the gnoll!
The gnoll is almost dead.
The gnoll hits you with a +0 flail.
* * * LOW HITPOINT WARNING * * *
The gnoll hits you with a +0 flail!
You die...

.# #.......# . #####...#
#.#. #...####### ...#.#.###
#...).))).# .........#
######...#####.#
.........###..............#
.....#.....................
........g##..............#
..##.....#@######...>.....g
........#g## #...#####.#
#.###.#.g## #...# #.#
#.......## ...... #.#
#####.### ....#.# #.# #.
.... ... #g #.. g. ### ##


You could see 3 gnolls.

Vanquished Creatures
  Eustachio (D:4)
  2 ogres
  A phantom (D:5)
  A gnoll sergeant (D:5)
  A gnoll bouda (D:5)
  An orc priest (D:3)
  2 iguanas
  2 orc wizards
  Terence (D:2)
  Robin (D:5)
  11 gnolls
  6 adders
  4 ufetubi
  4 worms
  2 dart slugs
  15 orcs
  10 ball pythons
  6 endoplasms
  3 giant cockroaches
  6 goblins
  10 hobgoblins
  9 quokkas
  A bat (D:2)
  3 frilled lizards
  11 kobolds
  2 rats
116 creatures vanquished.

Vanquished Creatures (others)
  A wizard (D:4)
1 creature vanquished.

Grand Total: 117 creatures vanquished

Notes
Turn   | Place    | Note
-------+----------+-------------------------------------------
     0 | D:1      | HoaS the Gargoyle Hunter began the quest for the Orb.
     0 | D:1      | Reached XP level 1. HP: 12/12 MP: 1/1
   220 | D:1      | Reached XP level 2. HP: 17/17 MP: 2/2
   369 | D:1      | Found a faded altar of an unknown god.
  1039 | D:2      | Found a basalt altar of Yredelemnul.
  1223 | D:2      | Reached XP level 3. HP: 21/21 MP: 3/3
  1280 | D:2      | Reached skill level 5 in Ranged Weapons
  1546 | D:2      | Identified the +4 leather armour of Intuition {Will+}
  1616 | D:2      | Noticed Terence
  1631 | D:2      | Killed Terence
  1632 | D:2      | Reached XP level 4. HP: 12/26 MP: 4/4
  1983 | D:3      | Found Paipor's Antique Armour Shop.
  2140 | D:3      | Reached skill level 6 in Ranged Weapons
  2443 | D:3      | Reached XP level 5. HP: 30/30 MP: 5/5
  3048 | D:3      | Found a sparkling altar of Nemelex Xobeh.
  3132 | D:3      | Found a stormy altar of Qazlal.
  3277 | D:3      | Reached skill level 7 in Ranged Weapons
  3321 | D:4      | Reached XP level 6. HP: 35/35 MP: 6/6
  3388 | D:4      | Found a glowing golden altar of the Shining One.
  3532 | D:4      | Found a burning altar of Makhleb.
  3573 | D:4      | Found a glowing silver altar of Zin.
  3627 | D:4      | Noticed Eustachio
  3681 | D:4      | Killed Eustachio
  3682 | D:4      | Reached skill level 8 in Ranged Weapons
  3786 | D:4      | Found a bloodstained altar of Trog.
  3840 | D:4      | Noticed a wizard
  3845 | D:4      | Killed a wizard
  3913 | D:4      | Reached XP level 7. HP: 29/40 MP: 7/7
  4654 | D:4      | Became a worshipper of Zin the Law-Giver
  4654 | D:4      | Reached * piety under Zin
  4675 | D:5      | Entered Level 5 of the Dungeon
  4681 | D:5      | Found a transporter.
  4696 | D:5      | Found a transporter.
  4705 | D:5      | Noticed bmj180's ghost (novice GrEE)
  4717 | D:5      | Reached skill level 1 in Invocations
  4774 | D:5      | Noticed Ijyb
  4774 | D:5      | Noticed Robin
  4829 | D:5      | Reached ** piety under Zin
  4835 | D:5      | Killed Robin
  4871 | D:5      | Reached skill level 9 in Ranged Weapons
  4982 | D:5      | Reached XP level 8. HP: 44/44 MP: 9/9
  5203 | D:5      | Slain by a gnoll

Illustrated notes

Levels and vault maps discovered:
D:1:      minmay_arrival_open_corners, layout_loops_corners,
          ebering_ecumenical_altar_abandoned, hangedman_glass_teeth
D:2:      layout_loops_corners, basic_altar, uniq_terence
D:3:      layout_rooms, nemelex_dance_club_becter, mainiacjoe_overflow_alcove_1,
          serial_shops, nicolae_shop_hallway_stairs, minmay_misc_feat_tiny,
          chequers_serial_rivers_large_b, chequers_serial_rivers_micro_e
D:4:      wad_river_or_something, layout_basic, zin_academy, trog_wizard,
          mainiacjoe_overflow_two_lobes, nicolae_kite_square_tiling_tiny,
          uniq_eustachio
D:5:      layout_loops_cross, minmay_temple_entry_proselytizer,
          gammafunk_ghost_arena, portal_sewer_entry_b, nicolae_goblin_pals,
          uniq_blork_the_orc

Skill      XL: |  1  2  3  4  5  6  7 |
---------------+----------------------+-----
Ranged Weapons | 5 6 7 8 9 |  9.6
Invocations    | 2 |  2.7
Fighting       | |  2.1
Dodging        | |  1.5
Stealth        | |  1.1

Action                     |  1- 3 |  4- 6 |  7- 9 || total
---------------------------+-------+-------+-------++-------
  Melee: Shortbow          |       |     1 |       ||     1
   Fire: Shortbow          |   118 |   220 |   184 ||   522
    Use: Scroll            |     2 |     2 |     2 ||     6
         Potion            |       |       |     2 ||     2
 Armour: Leather armour    |    19 |   106 |    48 ||   173
  Dodge: Dodged            |    39 |   118 |    67 ||   224

Table legend: (Time is in decaauts)
 A = Elapsed time spent in this place.
 B = Non-inter-level travel time spent in this place.
 C = Inter-level travel time spent in this place.
 D = Time resting spent in this place.
 E = Time spent auto-exploring this place.
 F = Levels seen in this place.
 G = Mean time per level.
                   A        B        C        D        E       F      G
               +--------+--------+--------+--------+--------+-----+--------+
         Total |   5352 |   5160 |    192 |   1300 |   2825 |   5 | 1070.4 |
       Dungeon |   5352 |   5160 |    192 |   1300 |   2825 |   5 | 1070.4 |
               +--------+--------+--------+--------+--------+-----+--------+

Top non-repeatable levels by time:
     D:4: 1605 daAuts
     D:2: 1526 daAuts
     D:1: 1003 daAuts
     D:3: 800 daAuts
     D:5: 416 daAuts
